 Dungeon Crawl Stone Soup version 0.30.0-19-gbf45117a57 (webtiles) character file.

Game seed: 3261422541451292582

754 qw the Chopper (level 7, -1/43 HPs)
             Began as a Gargoyle Fighter on May 25, 2023.
             Slain by an orc
             ... wielding a +0 hand axe
              (4 damage)
             ... on level 5 of the Dungeon.
             The game lasted 00:02:05 (3680 turns).

qw the Chopper (Gargoyle Fighter)                   Turns: 3680, Time: 00:02:05

Health: -1/43      AC: 22    Str: 23 (24) XL:     7   Next: 79%
Magic:  7/7        EV: 11    Int:  7 (8)  God:
Gold:   30         SH:  4    Dex:  9      Spells: 6/6 levels left

rFire   + . .        Y - +0 war axe
rCold   + . .        c - +0 buckler
rNeg    + + .        j - +8 ring mail of Uskayaw's Displeasure {SInv}
rPois   inf          (no helmet)
rElec   +            (no cloak)
rCorr   .            (no gloves)
SInv    +            (no boots)
Will    .....        (no amulet) Stlth
                     b - ring of protection from cold
HPRegen 0.27/turn    f - ring "Zamosuv" {rF+ rN+ AC+4 Str+2}
MPRegen 0.10/turn

%: no passive effects
@: lit by a corona, glowing
A: sickness immunity, AC +4, negative energy resistance 1, electricity
resistance, torment resistance 1, petrification resistance
a: no special abilities


You were on level 5 of the Dungeon.
You visited 1 branch of the dungeon, and saw 5 of its levels.

You collected 213 gold pieces.
You spent 183 gold pieces at shops.


Innate Abilities, Weirdness & Mutations

You are immune to sickness and miasma.
Your stone body is resilient. (AC +4)
You are immune to poison.
You resist negative energy. (rN+)
You are resistant to electric shocks. (rElec)
You are resistant to unholy torment.
You are immune to petrification.


   Skills:
 + Level 4.1 Fighting
 - Level 7.1 Axes
 - Level 3.2 Armour
 - Level 2.0 Dodging
 - Level 3.2 Shields


You had 6 spell levels left.
You didn't know any spells.
Your spell library was empty.

Inventory:

Hand Weapons
 k - a +0 flail
 Y - a +0 war axe (weapon)
Armour
 c - a +0 buckler (worn)
 j - the +8 ring mail of Uskayaw's Displeasure (worn) {SInv}
   (You found it on level 2 of the Dungeon)

   SInv:      It lets you see invisible.
Jewellery
 b - a ring of protection from cold (left hand)
 f - the ring "Zamosuv" (right hand) {rF+ rN+ AC+4 Str+2}
   (You found it on level 2 of the Dungeon)

   [ring of protection]

   AC:        It affects your AC (+4).
   Str:       It affects your strength (+2).
   rF:        It protects you from fire.
   rN:        It protects you from negative energy.
 n - a ring of protection from fire
Wands
 i - a wand of digging (6)
Scrolls
 e - a scroll of identify
Potions
 a - a potion of haste
 d - a potion of might
 m - a potion of attraction {unknown}

Dungeon Overview and Level Annotations

Branches:
Dungeon (5/15)
 Temple: D:4-7

Altars:
Ashenzari
Gozag
Kikubaaqudgha
Sif Muna
Trog
Uskayaw
Vehumet
Wu Jian
Zin

Shops:
D:4 *

Annotations:
D:2 1 runed translucent door, Crazy Yiuf
D:4 1 runed translucent door
D:5 Duvessa


Message History

The black bear bites you but does no damage.
The black bear barely misses you. The black bear claws you.
The orc wizard hits you but does no damage.
The orc hits you but does no damage. You block Duvessa's attack.
You slash the orc wizard!
You kill the orc wizard!
You closely miss the black bear. You hit Duvessa. You closely miss the orc.
Duvessa hits you but does no damage. The black bear barely misses you.
The black bear claws you but does no damage. x2
The orc hits you with a +0 dagger. The hound bites you but does no damage.
Duvessa hits you with a +2 short sword of venom.
You barely miss the black bear.
The black bear is heavily wounded.
You hit Duvessa but do no damage. You slash the hound! You hit the orc.
You kill the orc!
The hound closely misses you.
The black bear bites you but does no damage.
The black bear barely misses you.
The black bear claws you but does no damage.
Duvessa hits you with a +2 short sword of venom!
You slash the black bear!
You kill the black bear!
You hit Duvessa. You barely miss the hound. Duvessa barely misses you.
You block the hound's attack. The hound closely misses you.
Duvessa hits you but does no damage. The orc hits you but does no damage.
You feel your strength returning.
Your Axes skill increases to level 7!
You slash Duvessa!
Duvessa is almost dead.
You closely miss the orc. You closely miss the hound.
Duvessa hits you with a +2 short sword of venom.
The hound closely misses you. The hound barely misses you.
Duvessa hits you but does no damage. The orc hits you with a +0 hand axe.
You closely miss Duvessa.
Duvessa is almost dead.
You slash the hound! You hit the orc but do no damage.
The hound closely misses you. You block Duvessa's attack.
The orc hits you with a +0 hand axe.
You die...

##### .# #...# .#
########.#.###.#
.........#...#.#####
##.##..#####.......#
#.##....#...)####.#
#.......#.##.####.#####
####.##... #.##.).....#
...######...@).###.#
##.. #..eho.# ##.
##.#.#.# .# #.#.#.#
#.#.#.# ....... #.....#
....... ..o.


You could see Duvessa (berserk, resistant), a hound and an orc.

Vanquished Creatures
  A black bear (D:5)
  An ogre (D:5)
  3 scorpions
  Dowan (D:5)
  Ijyb (D:5)
  An iguana (D:4)
  3 orc wizards
  7 adders
  4 gnolls (D:3)
  An ufetubus (D:5)
  3 worms
  3 dart slugs
  8 orcs
  7 ball pythons
  6 endoplasms
  6 giant cockroaches
  8 goblins
  7 hobgoblins
  2 quokkas
  3 bats
  2 frilled lizards
  A jackal skeleton (D:4)
  10 kobolds
  4 rats
93 creatures vanquished.

Vanquished Creatures (others)
  An orc wizard (D:2)
1 creature vanquished.

Grand Total: 94 creatures vanquished

Notes
Turn   | Place    | Note
-------+----------+-------------------------------------------
     0 | D:1      | qw the Gargoyle Fighter began the quest for the Orb.
     0 | D:1      | Reached XP level 1. HP: 14/14 MP: 1/1
     0 | D:1      | 0 ||| qw: Version: 0.2-a-98-g5d7165a
     0 | D:1      | 0 ||| qw: Game counter: 100
     0 | D:1      | 0 ||| qw: Always use a shield: true
     0 | D:1      | 0 ||| qw: God list: Okawaru
     0 | D:1      | 0 ||| qw: Allow faded altars: false
     0 | D:1      | 0 ||| qw: Do Orc after D:15 true
     0 | D:1      | 0 ||| qw: Do second Lair branch before Depths: true
     0 | D:1      | 0 ||| qw: Lair rune preference: random
     0 | D:1      | 0 ||| qw: Plans: Normal, Zot:1-4, God:TSO, Crypt, Tomb,
                  | Pan, Slime:5, Hells, Abyss, Win
     0 | D:1      | 0 ||| PLANNING D:1-11
    71 | D:1      | Reached skill level 2 in Axes
   199 | D:1      | Reached XP level 2. HP: 19/19 MP: 2/2
   203 | D:1      | 203 ||| Stepping ~*~*~tactically~*~*~ (hiding).
   204 | D:1      | 204 ||| Stepping ~*~*~tactically~*~*~ (hiding).
   205 | D:1      | 205 ||| Stepping ~*~*~tactically~*~*~ (hiding).
   523 | D:1      | Reached skill level 3 in Axes
   695 | D:1      | Reached XP level 3. HP: 23/23 MP: 3/3
   777 | D:1      | 777 ||| UPGRADING to +0 chain mail.
   787 | D:1      | 787 ||| DROPPING +0 scale mail.
   788 | D:1      | 788 ||| UPGRADING to ring of protection from fire.
   789 | D:1      | 789 ||| READING scroll labelled WIM ONAERES.
   790 | D:1      | 790 ||| READING scroll labelled YNIWUYSEGIU.
   791 | D:1      | 791 ||| READING scroll labelled IVIBIBB QIAD.
   792 | D:1      | 792 ||| READING scroll labelled ACREUMM GOANISS.
   796 | D:1      | 796 ||| DRINKING 2 yellow potions.
   797 | D:1      | 797 ||| DROPPING potion of flight.
  1025 | D:2      | Identified the ring "Zamosuv" {rF+ rN+ AC+4 Str+2}
  1032 | D:2      | Identified the +8 ring mail of Uskayaw's Displeasure {SInv}
  1135 | D:2      | Reached XP level 4. HP: 27/28 MP: 4/4
  1168 | D:2      | 1168 ||| Stepping ~*~*~tactically~*~*~ (stealth).
  1253 | D:2      | Reached skill level 4 in Axes
  1254 | D:2      | 1254 ||| Stepping randomly (disturbance).
  1255 | D:2      | 1255 ||| Stepping randomly (disturbance).
  1256 | D:2      | 1256 ||| Stepping randomly (disturbance).
  1348 | D:2      | 1348 ||| DROPPING +0 club.
  1368 | D:2      | Found a runed translucent door.
  1369 | D:2      | Noticed Crazy Yiuf
  1621 | D:2      | 1621 ||| DROPPING +1 ring mail of cold resistance.
  1622 | D:2      | 1622 ||| UPGRADING to +8 ring mail of Uskayaw's Displeasure
                  | {SInv}.
  1632 | D:2      | 1632 ||| DROPPING +0 chain mail.
  1633 | D:2      | 1633 ||| UPGRADING to ring "Zamosuv" {rF+ rN+ AC+4 Str+2}.
  1634 | D:2      | 1634 ||| READING scroll labelled MIR UH HIOMP.
  1635 | D:2      | 1635 ||| READING 2 scrolls of identify.
  1635 | D:2      | 1635 ||| IDENTIFYING pink potion
  1720 | D:3      | 1720 ||| Stepping ~*~*~tactically~*~*~ (stealth).
  1739 | D:3      | Reached XP level 5. HP: 32/32 MP: 5/5
  1757 | D:3      | Found an opulent altar of Gozag.
  1757 | D:3      | Found a radiant altar of Vehumet.
  1757 | D:3      | Found an ancient bone altar of Kikubaaqudgha.
  1788 | D:3      | Found a glowing silver altar of Zin.
  1788 | D:3      | Found an ornate altar of the Wu Jian Council.
  1788 | D:3      | Found a shimmering blue altar of Sif Muna.
  1790 | D:3      | Found a hide-covered altar of Uskayaw.
  1790 | D:3      | Found a bloodstained altar of Trog.
  1790 | D:3      | Found a broken altar of Ashenzari.
  1802 | D:3      | 1802 ||| Stepping ~*~*~tactically~*~*~ (hiding).
  1805 | D:3      | 1805 ||| Stepping ~*~*~tactically~*~*~ (hiding).
  1820 | D:3      | 1820 ||| Stepping ~*~*~tactically~*~*~ (hiding).
  1821 | D:3      | 1821 ||| Stepping ~*~*~tactically~*~*~ (stealth).
  1840 | D:3      | HP: 8/32 [gnoll/+0 flail (4)]
  1844 | D:3      | Reached skill level 5 in Axes
  2000 | D:3      | 2000 ||| Stepping ~*~*~tactically~*~*~ (stealth).
  2001 | D:3      | 2001 ||| Stepping ~*~*~tactically~*~*~ (stealth).
  2403 | D:3      | Reached XP level 6. HP: 37/37 MP: 6/6
  2686 | D:3      | 2686 ||| DRINKING 2 fizzy emerald potions.
  2687 | D:3      | 2687 ||| DRINKING 2 sedimented ruby potions.
  2688 | D:3      | 2688 ||| DROPPING potion of degeneration.
  2689 | D:3      | 2689 ||| DROPPING potion of brilliance.
  2786 | D:4      | Found a runed translucent door.
  2786 | D:4      | Noticed a human
  2807 | D:4      | 2807 ||| Stepping ~*~*~tactically~*~*~ (stealth).
  2810 | D:4      | 2810 ||| Stepping ~*~*~tactically~*~*~ (stealth).
  2818 | D:4      | 2818 ||| Stepping ~*~*~tactically~*~*~ (stealth).
  2929 | D:4      | 2929 ||| Stepping ~*~*~tactically~*~*~ (stealth).
  2930 | D:4      | 2930 ||| Stepping ~*~*~tactically~*~*~ (stealth).
  3134 | D:4      | Reached XP level 7. HP: 35/43 MP: 7/7
  3265 | D:4      | Found Keystu's Assorted Antiques.
  3268 | D:4      | 3268 ||| BUYING forked gold wand (108 gold).
  3268 | D:4      | Bought a forked gold wand for 108 gold pieces
  3268 | D:4      | 3268 ||| SHOPLISTING glowing mace (162 gold, have 98).
  3268 | D:4      | 3268 ||| BUYING green potion (24 gold).
  3268 | D:4      | Bought a green potion for 24 gold pieces
  3268 | D:4      | 3268 ||| SHOPLISTING pitted war axe (229 gold, have 74).
  3268 | D:4      | 3268 ||| BUYING scroll labelled XIAXKEUWUPS (27 gold).
  3268 | D:4      | Bought a scroll labelled XIAXKEUWUPS for 27 gold pieces
  3268 | D:4      | 3268 ||| SHOPLISTING scroll of identify (54 gold, have 47).
  3268 | D:4      | 3268 ||| BUYING white potion (24 gold).
  3268 | D:4      | Bought a white potion for 24 gold pieces
  3268 | D:4      | 3268 ||| SHOPLISTING wooden wand (108 gold, have 23).
  3270 | D:4      | 3270 ||| UPGRADING to ring of protection from cold.
  3272 | D:4      | 3272 ||| READING scroll labelled XIAXKEUWUPS.
  3373 | D:4      | 3373 ||| DRINKING 2 black potions.
  3378 | D:4      | 3378 ||| DRINKING 2 white potions.
  3379 | D:4      | 3379 ||| DROPPING potion of ambrosia.
  3401 | D:5      | Entered Level 5 of the Dungeon
  3421 | D:5      | Noticed Ijyb
  3422 | D:5      | 3422 ||| Stepping ~*~*~tactically~*~*~ (hiding).
  3423 | D:5      | 3423 ||| Stepping ~*~*~tactically~*~*~ (hiding).
  3432 | D:5      | 3432 ||| DRINKING potion of curing.
  3432 | D:5      | 3432 ||| (to cure confusion)
  3476 | D:5      | Killed Ijyb
  3507 | D:5      | 3507 ||| Stepping ~*~*~tactically~*~*~ (stealth).
  3517 | D:5      | HP: 8/43 [ogre/+0 giant club (13)]
  3520 | D:5      | Reached skill level 6 in Axes
  3653 | D:5      | Noticed Dowan
  3653 | D:5      | Noticed Duvessa
  3654 | D:5      | 3654 ||| Stepping ~*~*~tactically~*~*~ (stealth).
  3657 | D:5      | 3657 ||| Stepping ~*~*~tactically~*~*~ (hiding).
  3658 | D:5      | 3658 ||| Stepping ~*~*~tactically~*~*~ (hiding).
  3672 | D:5      | 3672 ||| DRINKING potion of curing.
  3672 | D:5      | 3672 ||| (to cure confusion)
  3673 | D:5      | Killed Dowan
  3677 | D:5      | HP: 8/43 [Duvessa/+2 short sword of venom (7)]
  3679 | D:5      | Reached skill level 7 in Axes
  3679 | D:5      | HP: 3/43 [orc/+0 hand axe (1)]
  3680 | D:5      | Slain by an orc

Levels and vault maps discovered:
D:1:      psy_arrival_whirlpool, layout_basic
D:2:      layout_loops_ring, uniq_crazy_yiuf_cottage
D:3:      layout_loops_corners, nicolae_overflows_in_rows
D:4:      layout_cave_pools, dk_yredelemnul_ordeal, serial_shops,
          kennysheep_mini, minmay_quantized
D:5:      minmay_inner_zag, layout_loops_cross, uniq_ijyb, uniq_duvessa,
          uniq_edmund

Skill      XL: |  1  2  3  4  5  6  7 |
---------------+----------------------+-----
Axes           | 2 3 4 5 7 |  7.1
Dodging        | 2 |  2.0
Fighting       | 4 |  4.1
Armour         | |  3.2
Shields        | |  3.2

Action                     |  1- 3 |  4- 6 |  7- 9 || total
---------------------------+-------+-------+-------++-------
  Melee: War axe           |   104 |   188 |    64 ||   356
    Use: Scroll            |     4 |     2 |     1 ||     7
         Potion            |     1 |     2 |     4 ||     7
 Armour: Scale mail        |    30 |       |       ||    30
         Chain mail        |    28 |    12 |       ||    40
         Ring mail         |       |    74 |    75 ||   149
  Dodge: Dodged            |    43 |   100 |    42 ||   185
  Block: Buckler           |    19 |    42 |    15 ||    76

Table legend:
 A = Non-vault XP
 B = Vault XP
 C = Vault XP percentage of total XP
 D = Non-vault monster count
 E = Vault monster count
 F = Vault count percentage of total count
                 A         B        C        D         E       F
            +---------+---------+-------+---------+---------+-------
      Total |     917 |     161 |  14.9 |      85 |       9 |   9.6
            +---------+---------+-------+---------+---------+-------
        D:1 |      34 |       0 |   0.0 |      19 |       0 |   0.0
        D:2 |     122 |       0 |   0.0 |      23 |       0 |   0.0
        D:3 |     196 |       0 |   0.0 |      20 |       0 |   0.0
        D:4 |     223 |      58 |  20.6 |      16 |       7 |  30.4
        D:5 |     342 |     103 |  23.1 |       7 |       2 |  22.2
            +---------+---------+-------+---------+---------+-------
